 Dungeon Crawl Stone Soup version 0.27-a0-773-gaaee5cf45b (webtiles) character file.

Game seed: 17211972845412472109

7 rageheart7 the Skirmisher (level 1, -2/18 HPs)
             Began as a Demonspawn Abyssal Knight on Mar 25, 2021.
             Was a Follower of Lugonu.
             Slain by a hobgoblin (5 damage)
             ... on level 1 of the Dungeon.
             The game lasted 00:00:21 (328 turns).

rageheart7 the Skirmisher (DsAK)                     Turns: 328, Time: 00:00:22

Health: -2/18      AC:  3    Str: 12    XL:     1   Next: 91%
Magic:  2/2        EV: 11    Int: 13    God:    Lugonu [*.....]
Gold:   31         SH:  0    Dex: 12    Spells: 0/0 levels left

rFire    . . .     SeeInvis .   a - +1 spear
rCold    . . .     Faith    .   (no shield)
rNeg     . . .     Spirit   .   b - +0 leather armour
rPois    .         Reflect  .   (no helmet)
rElec    .         Harm     .   (no cloak)
rCorr    .         Rampage  .   (no gloves)
Will     .....                  (no boots)
Stlth    +.........             (no amulet)
HPRegen  0.06/turn              (no ring)
MPRegen  0.08/turn              (no ring)

@: no status effects
A: no striking features
a: Renounce Religion, Depart the Abyss


You were on level 1 of the Dungeon.
You worshipped Lugonu.
Lugonu was aware of your devotion.
You visited 1 branch of the dungeon, and saw 1 of its levels.
You visited the Abyss 1 time.

You collected 31 gold pieces.

Inventory:

Hand Weapons
 a - a +1 spear (weapon)
Armour
 b - a +0 leather armour (worn)
Jewellery
 c - a ring of see invisible
Scrolls
 e - a scroll of teleportation {unknown}
Potions
 d - a potion of attraction {unknown}
 f - 2 potions of resistance {unknown}


   Skills:
 * Level 3.4 Fighting
 * Level 1.9 Polearms
 - Level 1.7 Armour
 - Level 0.8 Dodging
 - Level 2.4 Invocations


You couldn't memorise any spells.
You didn't know any spells.
Your spell library was empty.

Dungeon Overview and Level Annotations

Branches:
Dungeon (1/15)

Altars:
Ashenzari


Message History

A ball python comes into view.
The ball python hisses angrily.
You hear an angry hiss.
You see here 2 cyan potions.
A ball python is nearby!
You reach to attack!
You hit the ball python.
You kill the ball python!
Lugonu accepts your kill.
f - 2 cyan potions No target in view!
No target in view!
No target in view!
A hobgoblin comes into view.
The hobgoblin shouts!
A hobgoblin is nearby!
You completely miss the hobgoblin. The hobgoblin hits you!
A hobgoblin is nearby!
You hit the hobgoblin but do no damage. The hobgoblin closely misses you.
You hit the hobgoblin but do no damage. The hobgoblin hits you.
A hobgoblin is nearby!
You are too injured to fight recklessly!
A hobgoblin is nearby!
You are too injured to fight recklessly!
You are too injured to fight recklessly!
You hit the hobgoblin.
The hobgoblin is lightly wounded.
The hobgoblin hits you but does no damage.
You barely miss the hobgoblin.
The hobgoblin is lightly wounded.
The hobgoblin misses you.
You completely miss the hobgoblin.
The hobgoblin is lightly wounded.
The hobgoblin hits you.
* * * LOW HITPOINT WARNING * * *
You hit the hobgoblin.
The hobgoblin is moderately wounded.
The hobgoblin closely misses you.
You hit the hobgoblin.
The hobgoblin is almost dead.
The hobgoblin hits you.
You die...

#..+...'..._...+
..#
##.....#.......#
.#
#...###.......#
.#
#....#.........#
###..#⌠.##+#..⌠#
##.####...##.#
#....#...# ...
###..#.g.# ..#.
##.##@##....
#.......#
#########


You could see a hobgoblin.

Vanquished Creatures
  A ball python (D:1)
  An endoplasm (D:1)
  2 hobgoblins (D:1)
  A bat (D:1)
  A frilled lizard (D:1)
  A kobold (D:1)
7 creatures vanquished.

Notes
Turn   | Place    | Note
-------+----------+-------------------------------------------
     0 | Abyss:1  | rageheart7 the Demonspawn Abyssal Knight began the quest
                  | for the Orb.
     0 | Abyss:1  | Reached XP level 1. HP: 18/18 MP: 2/2
   131 | Abyss:1  | Noticed an ancient zyme
   132 | D:1      | Escaped the Abyss
   205 | D:1      | Reached * piety under Lugonu
   278 | D:1      | Found a broken altar of Ashenzari.
   328 | D:1      | Slain by a hobgoblin

Illustrated notes

Levels and vault maps discovered:
D:1:      lightli_arrival_statuegarden, layout_loops_cross,
          evilmike_ruin_ashenzari

Action                   || total
-------------------------++-------
Melee: Spear             ||    24
Invok: Depart the Abyss  ||     1
Armor: Leather armour    ||     2
Dodge: Dodged            ||     8

Table legend: (Time is in decaauts)
 A = Elapsed time spent in this place.
 B = Non-inter-level travel time spent in this place.
 C = Inter-level travel time spent in this place.
 D = Time resting spent in this place.
 E = Time spent auto-exploring this place.
 F = Levels seen in this place.
 G = Mean time per level.
                   A        B        C        D        E       F      G
               +--------+--------+--------+--------+--------+-----+--------+
         Total |    328 |    328 |      0 |      0 |    283 |   2 |  164.0 |
       Dungeon |    196 |    196 |      0 |      0 |    153 |   1 |  196.0 |
         Abyss |    132 |    132 |      0 |      0 |    130 |   1 |  132.0 |
               +--------+--------+--------+--------+--------+-----+--------+

Top non-repeatable levels by time:
     D:1: 196 daAuts
 Abyss:1: 132 daAuts
